 Dungeon Crawl Stone Soup version 0.27.0-1-g7a089689b8 (webtiles) character file.

Game seed: 8626627202093275605

413 ParallaxScroll the Magician (level 7, -2/54 HPs)
             Began as a Djinni Wanderer on Aug 2, 2021.
             Was an Initiate of Makhleb.
             Slain by a thrashing horror (3 damage)
             ... on level 1 of the Abyss.
             The game lasted 00:25:39 (4367 turns).

ParallaxScroll the Magician (Djinni Wanderer)       Turns: 4367, Time: 00:25:39

Health: -2/54      AC:  3    Str: 13    XL:     7   Next: 14%
Gold:   146        EV: 12    Int: 14    God:    Makhleb [......] SH:  0 Dex: 12

rFire    + + .     SeeInvis .   a - +2 long sword (flame)
rCold    x . .     Faith    .   (no shield)
rNeg     . . .     Spirit   .   v - +0 leather armour
rPois    ∞         Reflect  .   (no helmet)
rElec    .         Harm     .   (no cloak)
rCorr    +         Rampage  .   (no gloves)
Will     .....                  (boots unavailable)
Stlth    +.........             (no amulet)
HPRegen  0.18/turn              s - ring of resist corrosion
MPRegen  0.00/turn              (no ring)

@: flying
A: sickness immunity, fire resistance 2, cold vulnerability 1, float, innate
caster, hp casting, extra vitality 1
a: Renounce Religion


You were on level 1 of the Abyss.
You worshipped Makhleb.
Makhleb was noncommittal.
You visited 1 branch of the dungeon, and saw 4 of its levels.
You visited the Abyss 1 time.

You collected 146 gold pieces.

Inventory:

Hand Weapons
 a - a +2 long sword of flaming (weapon)
 b - a +2 dagger of venom
Missiles
 d - 137 stones (quivered)
 e - 63 arrows
 q - 14 sling bullets
 A - 8 bolts
Armour
 v - a +0 leather armour (worn)
Jewellery
 s - a ring of resist corrosion (left hand)
Wands
 n - a wand of digging (8)
Scrolls
 c - a scroll of silence {unknown}
 f - 3 scrolls of fear {unknown}
 g - 5 scrolls of identify {unknown}
 m - 3 scrolls of teleportation
 o - a scroll of vulnerability {unknown}
 p - a scroll of noise {unknown}
 r - a scroll of holy word {unknown}
 u - a scroll of blinking {unknown}
 x - a scroll of fog {unknown}
 y - a scroll of enchant armour {unknown}
 z - a scroll of acquirement {unknown}
Potions
 h - a potion of might {unknown}
 i - a potion of experience {unknown}
 j - a potion of brilliance {unknown}
 k - a potion of flight {unknown}
 l - a potion of degeneration {unknown}
 t - a potion of haste
 w - a potion of magic {unknown}
 B - a potion of berserk rage {unknown}
 C - a potion of curing {unknown}


   Skills:
 - Level 5.0 Fighting
 - Level 4.0 Dodging
 - Level 1.0 Stealth
 - Level 1.0 Shields
 + Level 5.1 Spellcasting


You had 6 spell levels left.
You knew the following spells:

 Your Spells              Type           Power      Damage    Failure   Level
a - Foxfire               Conj/Fire      72%        2x1d7     2%          1
b - Conjure Flame         Conj/Fire      18%        6-21      8%          3
c - Corona                Hex            20%        N/A       2%          1
d - Passwall              Tmut/Erth      15%        N/A       4%          2
e - Portal Projectile     Hex/Tloc       36%        N/A       8%          3

Your spell library contained the following spells:

 Spells                   Type           Power      Damage    Failure   Level


Dungeon Overview and Level Annotations

Branches:
Dungeon (4/15)
 Temple: D:4-7

Altars:
Dithmenos
Elyvilon
Hepliaklqana
Makhleb
Nemelex Xobeh
Ru
Wu Jian

Annotations:
D:2 walk through flames


Innate Abilities, Weirdness & Mutations

You are immune to sickness and miasma.
You are immune to poison.
Your flesh is very heat resistant. (rF++)
You are vulnerable to cold. (rC-)
You float through the air rather than walking.
You learn spells naturally, not from books.
Your magical power is your life essence.
You have superior vitality. (+4 HP)


Message History

You hit the orc wizard but do no damage.
The orc wizard is severely wounded.
The orc wizard completely misses you.
You closely miss the orc wizard.
The orc wizard is severely wounded.
The orc wizard hits you with a +1 dagger of distortion.
* * * LOW HITPOINT WARNING * * *
You are cast into the Abyss!
To return, you must find a gate leading back.
Killing monsters will force the Abyss to allow you passage.
This branch contains the abyssal rune of Zot.
Okay, then.
An earth elemental comes into view.
Found 4 boomerangs.
Okay, then.
Casting: Foxfire (safe; 2% risk of failure)
Confirm with . or Enter, or press ? or * to list all spells.
You conjure some foxfire!
* * * LOW HITPOINT WARNING * * *
The foxfire hits the earth elemental.
The earth elemental completely resists.
The foxfire hits the earth elemental but does no damage.
Okay, then.
Okay, then.
A thrashing horror comes into view.
Found a blackened bronze wand.
The thrashing horror roars!
The thrashing horror barely misses you. The thrashing horror tramples you.
* * * LOW HITPOINT WARNING * * *
You hold your ground!
Okay, then.
The thrashing horror tramples you.
* * * LOW HITPOINT WARNING * * *
You are shoved backwards!
The thrashing horror roars!
The thrashing horror tramples you.
* * * LOW HITPOINT WARNING * * *
You are shoved backwards!
The thrashing horror tramples you but does no damage.
The thrashing horror tramples you.
You die...

.#.. #.≈≈#≈≈≈≈≈≈≈≈
...# #..♣≈≈≈≈≈≈≈≈≈≈
#/.##..≈≈≈≈≈.≈≈≈.#
#.#...#...≈≈≈≈≈≈≈≈..
#...#......#≈≈≈≈≈≈≈#..
#........#..≈≈ ≈ ≈.##.
###.#..##.##≈≈≈≈≈≈≈≈ .
# #X#.#...≈≈≈≈≈≈≈≈ .
#@..##..#..≈≈≈≈≈
#..####. .#.≈#≈≈≈#
#.## #.#.#≈≈#.≈≈ # .#
..###.≈≈#.. ≈# #. #
.#.#.#..≈#.≈ # ..#.##
#...###.# ≈#≈ ....
#.#..#....#.≈≈≈ ###.
.#.###..#..≈≈≈ . ..#
.. ..


You could see a thrashing horror.

Vanquished Creatures
  An ogre (D:4)
  A scorpion (D:3)
  An iguana (D:4)
  Natasha (thrice) (D:4)
  An orc wizard (D:4)
  4 adders
  A shadow imp (D:4)
  A white imp (D:4)
  A dart slug (D:4)
  12 orcs
  7 endoplasms
  5 giant cockroaches
  11 hobgoblins
  4 jackals (D:2)
  2 quokkas
  6 ball pythons
  3 bats (D:1)
  4 frilled lizards
  5 goblins
  4 kobolds (D:1)
  6 rats
83 creatures vanquished.

Vanquished Creatures (others)
  2 jackals (D:2)
  147 foxfires
  2 plants (D:2)
151 creatures vanquished.

Grand Total: 234 creatures vanquished

Notes
Turn   | Place    | Note
-------+----------+-------------------------------------------
     0 | D:1      | ParallaxScroll the Djinni Wanderer began the quest for the
                  | Orb.
     0 | D:1      | Reached XP level 1. HP: 20/20 MP: 0/0
   161 | D:1      | Reached XP level 2. HP: 22/25 MP: 0/0
   625 | D:1      | Reached XP level 3. HP: 31/31 MP: 0/0
   625 | D:1      | Learned a level 1 spell: Corona
   893 | D:1      | Found a faded altar of an unknown god.
  1051 | D:2      | Reached skill level 1 in Dodging
  2003 | D:2      | Reached XP level 4. HP: 37/37 MP: 0/0
  2850 | D:3      | Reached XP level 5. HP: 41/41 MP: 0/0
  2850 | D:3      | Learned a level 2 spell: Passwall
  3444 | D:4      | Found a sparkling altar of Nemelex Xobeh.
  3444 | D:4      | Found a shadowy altar of Dithmenos.
  3444 | D:4      | Found a sacrificial altar of Ru.
  3444 | D:4      | Found a burning altar of Makhleb.
  3448 | D:4      | Found a white marble altar of Elyvilon.
  3448 | D:4      | Noticed an ogre
  3460 | D:4      | Killed an ogre
  3461 | D:4      | Reached skill level 5 in Spellcasting
  3461 | D:4      | Reached XP level 6. HP: 43/48 MP: 0/0
  3492 | D:4      | Became a worshipper of Makhleb the Destroyer
  3695 | D:4      | Noticed Natasha
  3703 | D:4      | Killed Natasha
  3704 | D:4      | Reached skill level 5 in Fighting
  3992 | D:4      | Noticed Natasha
  4057 | D:4      | Killed Natasha
  4086 | D:3      | Found a hazy altar of Hepliaklqana.
  4191 | D:4      | Noticed Natasha
  4199 | D:4      | Killed Natasha
  4200 | D:4      | Reached XP level 7. HP: 50/54 MP: 0/0
  4200 | D:4      | Learned a level 3 spell: Portal Projectile
  4271 | D:4      | Found an ornate altar of the Wu Jian Council.
  4338 | D:4      | Cast into level 1 of the Abyss (orc wizard)
  4361 | Abyss:1  | Noticed a thrashing horror
  4367 | Abyss:1  | HP: 1/54 [thrashing horror (4)]
  4367 | Abyss:1  | Slain by a thrashing horror

Illustrated notes

Levels and vault maps discovered:
D:1:      dpeg_arrival_simpleton_b, layout_basic,
          ebering_ecumenical_altar_sacrificial
D:2:      layout_basic, serial_forest, infiniplex_forest_straight_5,
          infiniplex_forest_zigzag_1, infiniplex_forest_lined_4_way,
          infiniplex_forest_zigzag_1, infiniplex_forest_clump_C,
          infiniplex_forest_corner_1, infiniplex_forest_clump_medium,
          infiniplex_forest_straight_5, infiniplex_forest_straight_2,
          infiniplex_forest_zigzag_1, minivault_26, lemuel_flame_loot_1
D:3:      layout_loops_ring, nicolae_overflow_hidden_temple,
          hangedman_glass_teeth, hangedman_decor_opposing,
          guppyfry_early_orc_mine
D:4:      layout_rooms, grunt_temple_overflow_open,
          nicolae_wu_jian_wuxing_cycle, minmay_temple_entry_tees, uniq_natasha
Abyss:1:  base:
D:3

Skill      XL: |  1  2  3  4  5  6 |
---------------+-------------------+-----
Fighting       | 4 5 |  5.0
Dodging        | 2 3 4 |  4.0
Spellcasting   | 5 |  5.1
Stealth        | |  1.0
Shields        | |  1.0

Action                   |  1- 3 |  4- 6 |  7- 9 || total
-------------------------+-------+-------+-------++-------
Melee: Dagger            |    14 |     3 |       ||    17
       Spear             |     5 |       |       ||     5
       Long sword        |     5 |    54 |    13 ||    72
Throw: Stone             |    14 |       |       ||    14
 Cast: Foxfire           |    40 |    43 |     8 ||    91
       Corona            |     2 |     1 |       ||     3
       Conjure Flame     |     1 |       |       ||     1
  Use: Potion            |       |     1 |       ||     1
 Stab: Sleeping          |       |     2 |       ||     2
Armor: Robe              |     8 |     4 |       ||    12
       Leather armour    |       |     9 |     1 ||    10
Dodge: Dodged            |    16 |    45 |     9 ||    70
       Rpst.: Long sword |     2 |    11 |     2 ||    15
